 Dungeon Crawl Stone Soup version 0.23.2-30-g0e89c35649 (webtiles) character file.

Game seed: 5568145140130970968

238 diana the Chopper (level 5, -4/47 HPs)
             Began as a Minotaur Fighter on June 15, 2019.
             Slain by Grinder (5 damage)
             ... on level 3 of the Dungeon.
             The game lasted 00:02:56 (2718 turns).

diana the Chopper (Minotaur Fighter)                Turns: 2718, Time: 00:02:57

Health: -4/47      AC:  7    Str: 19 (22) XL:     5   Next: 78%
Magic:  4/4        EV:  8    Int:  2 (5)  God:
Gold:   142        SH:  9    Dex:  7 (9)  Spells: 4/4 levels left

rFire    . . .     SeeInvis .   a - +0 war axe
rCold    . . .     Gourm    .   c - +0 shield
rNeg     . . .     Faith    .   b - +0 scale mail
rPois    .         Spirit   .   (helmet restricted)
rElec    .         Reflect  .   (no cloak)
rCorr    +         Harm     .   (no gloves)
MR       .....                  (no boots)
Stlth    ..........             (no amulet)
HPRegen  0.15/turn              m - ring of resist corrosion
MPRegen  0.09/turn              (no ring)

@: no status effects
A: retaliatory headbutt, horns 2
a: no special abilities


You were on level 3 of the Dungeon.
You were not hungry.

You visited 1 branch of the dungeon, and saw 3 of its levels.

You collected 142 gold pieces.

Inventory:

Hand Weapons
 a - a +0 war axe (weapon)
Armour
 b - a +0 scale mail (worn)
 c - a +0 shield (worn)
Jewellery
 m - a ring of resist corrosion (left hand)
Wands
 p - a wand of enslavement (5)
 q - a wand of polymorph (6)
Scrolls
 e - 3 scrolls of identify {unknown}
 g - 2 scrolls of teleportation {unknown}
 h - a scroll of amnesia {unknown}
 i - a scroll of immolation {unknown}
 l - a scroll of remove curse {unknown}
 n - a scroll of magic mapping {unknown}
 r - a scroll of fog {unknown}
 s - a scroll of random uselessness {unknown}
Potions
 d - a potion of might
 j - 2 potions of haste
 o - a potion of ambrosia {unknown}
Comestibles
 f - 5 rations
 t - 2 chunks of flesh


   Skills:
 + Level 4.5 Fighting
 * Level 4.7 Axes
 + Level 4.5 Armour
 + Level 2.3 Dodging
 + Level 4.6 Shields


You had 4 spell levels left.
You didn't know any spells.
Your spell library was empty.

Dungeon Overview and Level Annotations

Branches:
Dungeon (3/15)

Altars:
Cheibriados
Elyvilon
Kikubaaqudgha

Annotations:
D:3 Grinder


Innate Abilities, Weirdness & Mutations

You reflexively headbutt those who attack you in melee.
You have a pair of horns on your head.


Message History

Grinder is severely wounded.
Grinder says, "FISH!"
You block Grinder's attack.
You closely miss Grinder.
Grinder is severely wounded.
Grinder hits you.
* * * LOW HITPOINT WARNING * * *
You writhe in agony.
* * * LOW HITPOINT WARNING * * *
Unknown command.
You closely miss Grinder.
Grinder is severely wounded.
You block Grinder's attack. Grinder closely misses you.
Unknown command.
It was a potion of degeneration.
There was something very wrong with that liquid.
You feel weakened.
You feel dopey.
You feel clumsy.
Grinder says, "Tell me all your secrets, or I'll kill you."
Grinder hits you.
You die...

#...........##
#...........#
#...........##
#.............
#.............
#########...(.........
#.....................
#...........#######...
#...5@......# #...
#...........# #...
#...........# ####
#...........# #
#...........# #
#...........# #
#...........# #
############# #


You could see Grinder.

Vanquished Creatures
  2 orc priests (D:3)
  Jessica (D:3)
  An orc wizard (D:3)
  4 gnolls (D:3)
  3 adders
  2 dart slugs (D:1)
  3 worms
  A leopard gecko (D:3)
  3 orcs (D:3)
  A ball python (D:2)
  A giant cockroach (D:2)
  3 goblins (D:2)
  8 hobgoblins
  3 quokkas
  4 bats
  4 frilled lizards
  5 kobolds
  6 rats
55 creatures vanquished.

Notes
Turn   | Place    | Note
-------+----------+-------------------------------------------
     0 | D:1      | diana the Minotaur Fighter began the quest for the Orb.
     0 | D:1      | Reached XP level 1. HP: 19/19 MP: 0/0
   456 | D:1      | Reached XP level 2. HP: 27/27 MP: 1/1
  1056 | D:2      | Reached skill level 1 in Dodging
  1101 | D:2      | Reached XP level 3. HP: 13/33 MP: 2/2
  1849 | D:3      | Noticed Jessica
  1852 | D:3      | Killed Jessica
  1852 | D:3      | Reached XP level 4. HP: 40/40 MP: 3/3
  2095 | D:3      | Reached XP level 5. HP: 10/47 MP: 4/4
  2500 | D:3      | Found a white marble altar of Elyvilon.
  2504 | D:3      | Found a snail-covered altar of Cheibriados.
  2509 | D:3      | Found an ancient bone altar of Kikubaaqudgha.
  2694 | D:3      | Noticed Grinder
  2702 | D:3      | Paralysed by Grinder for 2 turns
  2707 | D:3      | Paralysed by Grinder for 5 turns
  2716 | D:3      | HP: 1/47 [Grinder (4)]
  2718 | D:3      | Slain by Grinder

Skill      XL: |  1  2  3  4 |
---------------+-------------+-----
Axes           | 3 4 |  4.7
Dodging        | 1 2 |  2.3
Shields        | 4 |  4.6
Armour         | 4 |  4.5
Fighting       | 4 |  4.5

Action                   |  1- 3 |  4- 6 || total
-------------------------+-------+-------++-------
Melee: War axe           |    77 |    53 ||   130
       Headbutt          |    13 |     9 ||    22
  Use: Potion            |       |     2 ||     2
  Eat: Chunk             |     2 |     4 ||     6
Armor: Scale mail        |    32 |    16 ||    48
Dodge: Dodged            |    21 |    12 ||    33
Block: Shield            |    31 |    22 ||    53
